 Dungeon Crawl Stone Soup version 0.31-a0-150-g89dc3ad700 (webtiles) character file.

Game seed: 5802870143613752115

212 Faragor the Conjurer (level 5, 0/28 HPs)
             Began as a Deep Elf Conjurer on June 8, 2023.
             Succumbed to a queen bee's poison
             ... on level 4 of the Dungeon.
             The game lasted 00:08:01 (3309 turns).

Faragor the Conjurer (Deep Elf Conjurer)            Turns: 3309, Time: 00:08:02

Health: 0/28       AC:  3    Str:  4    XL:     5   Next: 58%
Magic:  10/14      EV: 13    Int: 25    God:
Gold:   122        SH:  0    Dex: 13    Spells: 10/13 levels left

rFire   . . .        k - +2 dagger (vamp)
rCold   . . .        (no shield)
rNeg    . . .        a - +0 robe
rPois   .            (no helmet)
rElec   .            o - +0 cloak {rCorr}
rCorr   +            (no gloves)
SInv    .            (no boots)
Will    .....        (no amulet)
Stlth   +++          (no ring)
HPRegen 0.24/turn    (no ring)
MPRegen 0.14/turn

%: no passive effects
@: lethally poisoned (0 -> -20)
A: no striking features
a: no special abilities


You were on level 4 of the Dungeon.
You visited 1 branch of the dungeon, and saw 6 of its levels.

You collected 122 gold pieces.

Inventory:

Hand Weapons
 i - a +0 whip
 k - a +2 vampiric dagger (weapon)
Armour
 a - a +0 robe (worn)
 o - a +0 cloak of preservation (worn)
Wands
 j - a wand of polymorph (5)
 p - a wand of flame (11)
Scrolls
 c - 2 scrolls of noise {unknown}
 e - a scroll of vulnerability {unknown}
 g - 2 scrolls of enchant armour {unknown}
 h - 2 scrolls of teleportation {unknown}
 m - a scroll of identify {unknown}
Potions
 b - 2 potions of magic
 d - a potion of attraction {unknown}
 f - 2 potions of cancellation {unknown}
 l - a potion of heal wounds {unknown}
 n - a potion of brilliance {unknown}


   Skills:
 + Level 4.1 Dodging
 + Level 4.3 Stealth
 + Level 4.7 Spellcasting
 + Level 5.3 Conjurations


You had 10 spell levels left.
You knew the following spells:

 Your Spells              Type           Power      Damage    Failure   Level
a - Magic Dart            Conj           100%       1d8       1%          1
b - Searing Ray           Conj           64%        2d6       1%          2

Your spell library contained the following spells:

 Spells                   Type           Power      Damage    Failure   Level
 Dazzling Flash           Conj/Hex       38%        N/A       9%          3
 Fulminant Prism          Conj/Hex       9%         3d7       28%         4
 Iskenderun's Mystic Bla  Conj/Tloc      19%        2d6       28%         4


Dungeon Overview and Level Annotations

Branches:
Dungeon (6/15)
 Temple: D:4-7

Altars:
Qazlal

Annotations:
D:6 3 runed translucent doors


Message History

Aim: a goblin, wielding a +0 dagger (asleep, 100% to hit)
The magic dart hits the goblin.
You kill the goblin!
An ogre comes into view. It is wielding a +0 giant club.
The ogre shouts!
An ogre is nearby!
Casting: Magic Dart (safe; 1% risk of failure)
Confirm with . or Enter, or press ? or * to list all spells.
Okay, then.
Aiming: Polymorph
Press: ? - help, Shift-Dir - straight line, f - ogre
Aim: an ogre, wielding a +0 giant club (will become an ice beast, a queen bee, or a killer bee, chance to affect: 49%)
The ogre evaporates and reforms as a queen bee!
Casting: Magic Dart (safe; 1% risk of failure)
Confirm with . or Enter, or press ? or * to list all spells.
Okay, then.
Casting: Magic Dart (safe; 1% risk of failure)
Confirm with . or Enter, or press ? or * to list all spells.
Aiming: Searing Ray (safe; 1% risk of failure)
Press: ? - help, Shift-Dir - straight line, f/p - queen bee
Aim: a queen bee (81% to hit)
The searing ray hits the queen bee but does no damage. (Press . to maintain the ray.)
The queen bee stings you!
The searing ray hits the queen bee.
The queen bee is lightly wounded.
The queen bee stings you.
The searing ray hits the queen bee but does no damage.
The queen bee is lightly wounded.
The queen bee barely misses you.
The searing ray hits the queen bee!
The queen bee is moderately wounded.
You finish channelling your searing ray.
The queen bee misses you. The queen bee completely misses you.
The queen bee stings you!
* * * LOW HITPOINT WARNING * * *
You are lethally poisoned!
The queen bee poisons you!
You die...

###.......
#....=....
#.......#
#.......#
#......)#
#.......#
#.......#
#.@y....#
##.#....# #.#
#.(# #.###..# .
#......#
...#####....###.
#.............
...##.......###
#.####..#


You could see a queen bee.

Vanquished Creatures
  A black bear (D:5)
  An orc priest (D:5)
  4 adders
  A dart slug (D:3)
  7 orcs
  A bat (D:1)
  2 endoplasms
  2 giant cockroaches
  4 goblins
  10 hobgoblins
  2 kobolds (D:3)
  3 quokkas
  5 ball pythons
  A frilled lizard (D:3)
  6 rats
50 creatures vanquished.

Notes
Turn   | Place    | Note
-------+----------+-------------------------------------------
     0 | D:1      | Faragor the Deep Elf Conjurer began the quest for the Orb.
     0 | D:1      | Reached XP level 1. HP: 10/10 MP: 6/6
   270 | D:1      | Reached XP level 2. HP: 15/15 MP: 4/8
  1955 | D:2      | Found a faded altar of an unknown god.
  2063 | D:2      | Learned a level 2 spell: Searing Ray
  2116 | D:3      | Reached XP level 3. HP: 19/19 MP: 5/10
  2669 | D:3      | Found a stormy altar of Qazlal.
  2862 | D:3      | You fall into a shaft and drop 3 floors!
  2892 | D:6      | Reached XP level 4. HP: 24/24 MP: 6/11
  2984 | D:6      | Found a runed translucent gate.
  2984 | D:6      | Found a runed translucent gate.
  2987 | D:6      | Found a runed translucent gate.
  3002 | D:5      | Entered Level 5 of the Dungeon
  3026 | D:5      | Noticed a black bear
  3035 | D:5      | Killed a black bear
  3036 | D:5      | Reached skill level 5 in Conjurations
  3036 | D:5      | Reached XP level 5. HP: 23/28 MP: 3/13
  3164 | D:5      | Noticed an ogre
  3301 | D:4      | Noticed an ogre
  3302 | D:4      | an ogre changed into a queen bee
  3302 | D:4      | Noticed a queen bee
  3309 | D:4      | Succumbed to a queen bee's poison

Illustrated notes

Levels and vault maps discovered:
D:1:      amcnicky_arrival_blooded_trapdoor, layout_loops_corners
D:2:      layout_basic, shapermc_ecumenical_altar_mp_urbaneastern,
          nicolae_concentric_dashed_squares_mild
D:3:      layout_basic, amcnicky_altar_gilded
D:4:      layout_loops_cross, nicolae_overflow_two_pavilions
D:5:      layout_basic, serial_glass, glass_columns_c, glass_columns_b,
          st_stairs_12
D:6:      layout_loops_corners, minmay_temple_entry_drinking_statues,
          gammafunk_ghost_icy, hellmonk_bongcloud_opening, uniq_eustachio

Skill      XL: |  1  2  3  4  5 |
---------------+----------------+-----
Stealth        | 3 4 |  4.3
Dodging        | 3 4 |  4.1
Spellcasting   | 4 |  4.7
Conjurations   | 5 |  5.3

Action                     |  1- 3 |  4- 6 || total
---------------------------+-------+-------++-------
  Melee: Unarmed           |     1 |       ||     1
         Dagger            |       |     4 ||     4
   Cast: Magic Dart        |    72 |    18 ||    90
         Searing Ray       |     3 |     5 ||     8
  Evoke: Wand              |       |     1 ||     1
 Armour: Robe              |       |     2 ||     2
  Dodge: Dodged            |     5 |    10 ||    15

Table legend: (Time is in decaauts)
 A = Elapsed time spent in this place.
 B = Non-inter-level travel time spent in this place.
 C = Inter-level travel time spent in this place.
 D = Time resting spent in this place.
 E = Time spent auto-exploring this place.
 F = Levels seen in this place.
 G = Mean time per level.
                   A        B        C        D        E       F      G
               +--------+--------+--------+--------+--------+-----+--------+
         Total |   3306 |   3208 |     98 |    298 |   2660 |   6 |  551.0 |
       Dungeon |   3306 |   3208 |     98 |    298 |   2660 |   6 |  551.0 |
               +--------+--------+--------+--------+--------+-----+--------+

Top non-repeatable levels by time:
     D:1: 1304 daAuts
     D:3: 780 daAuts
     D:2: 775 daAuts
     D:5: 169 daAuts
     D:6: 139 daAuts
     D:4: 136 daAuts
